 Dungeon Crawl Stone Soup version 0.30-a0-1074-g5db6f66fbb (webtiles) character file.

Game seed: 1599954130730485558

121 jimonade the Grasshopper (level 5, -4/46 HPs)
             Began as a Naga Warper on Apr 14, 2023.
             Was an Initiate of Cheibriados.
             Splashed by a jelly's acid (8 damage)
             ... on level 4 of the Dungeon.
             The game lasted 00:06:12 (2572 turns).

jimonade the Grasshopper (Naga Warper)              Turns: 2572, Time: 00:06:13

Health: -4/46      AC:  3    Str: 15    XL:     5   Next: 5%
Magic:  4/8        EV: 10    Int: 14    God:    Cheibriados [......]
Gold:   200        SH:  0    Dex: 19    Spells: 4/8 levels left

rFire   . . .      SeeInvis +    a - +3 whip
rCold   + . .      Faith    .    (no shield)
rNeg    . . .      Spirit   .    g - +2 leather armour {rC+}
rPois   +          Reflect  .    (no helmet)
rElec   .          Rampage  .    (no cloak)
rCorr   .                        s - +1 pair of gloves
Will    .....                    (no barding)
Stlth   +                        (no amulet)
HPRegen 0.27/turn                m - +6 ring of dexterity
MPRegen 0.11/turn                (no ring)

@: corroded, very slow
A: AC +1, large, see invisible, deformed body, poison resistance, slowness 2,
spit poison 1, naga tail 1
a: Spit Poison, Renounce Religion


You were on level 4 of the Dungeon.
You worshipped Cheibriados.
Cheibriados was noncommittal.
You visited 1 branch of the dungeon, and saw 4 of its levels.

You collected 200 gold pieces.

Inventory:

Hand Weapons
 a - a +3 whip (weapon)
 b - a +0 sling
 i - a +0 dagger of draining
 o - a +0 falchion
Missiles
 d - 6 boomerangs of dispersal
Armour
 g - a +2 leather armour of cold resistance (worn)
 s - a +1 pair of gloves (worn)
Jewellery
 m - a +6 ring of dexterity (left hand)
Scrolls
 c - 3 scrolls of blinking
 e - a scroll of fog {unknown}
 h - 2 scrolls of identify {unknown}
 k - 2 scrolls of vulnerability {unknown}
 n - a scroll of silence {unknown}
 p - a scroll of noise {unknown}
 q - 2 scrolls of teleportation {unknown}
Potions
 f - 6 potions of curing {unknown}
 j - a potion of flight {unknown}
 l - 2 potions of degeneration {unknown}
 r - a potion of ambrosia {unknown}


   Skills:
 + Level 2.6 Fighting
 + Level 2.5 Long Blades
 + Level 0.6 Ranged Weapons
 + Level 1.0 Throwing
 + Level 1.8 Armour
 + Level 2.2 Dodging
 + Level 2.0 Spellcasting
 * Level 3.6 Translocations


You had 4 spell levels left.
You knew the following spells:

 Your Spells              Type           Power      Damage    Failure   Level
a - Blink                 Tloc           22%        N/A       10%         2
b - Lesser Beckoning      Tloc           22%        N/A       10%         2

Your spell library contained the following spells:

 Spells                   Type           Power      Damage    Failure   Level
 Teleport Other           Tloc           11%        N/A       21%         3
 Vhi's Electric Charge    Tloc/Air       12%        N/A       38%         3
 Manifold Assault         Tloc           11%        N/A       54%         4


Dungeon Overview and Level Annotations

Branches:
Dungeon (4/15)
 Temple: D:4-7

Altars:
Cheibriados


Innate Abilities, Weirdness & Mutations

Your serpentine skin is tough. (AC +1)
You have supernaturally acute eyesight. (SInv)
Armour fits poorly on your strangely shaped body.
Your system is resistant to poisons. (rPois)
You cover ground very slowly.
You can spit poison.
You have a snake-like lower body.


Message History

The iguana is moderately wounded.
The iguana bites you! The iguana bites you.
You hit the iguana.
The iguana is severely wounded.
The iguana closely misses you.
You hit the iguana.
You kill the iguana!
Cheibriados thoroughly appreciates the change of pace.
You have reached level 5!
Unknown command.
Cast which spell? (? or * to list)
You miscast Blink.
You are very lightly contaminated with residual magic.
Nothing appears to happen.
The jelly hits you but does no damage.
Casting: Blink (safe; 10% risk of failure)
Confirm with . or Enter, or press ? or * to list all spells.
You blink.
The jelly attacks as you move away! The jelly hits you but does no damage.
Found a leather armour.
The jelly hits you.
You are splashed with acid!
* * * LOW HITPOINT WARNING * * *
Found a robe.
You feel stable enough to blink again. The jelly closely misses you.
Your magical contamination has completely faded away.
Casting: Blink (safe; 10% risk of failure)
Confirm with . or Enter, or press ? or * to list all spells.
You blink.
You feel stable enough to blink again. The jelly completely misses you.
You hit the jelly.
Your hands burn!
* * * LOW HITPOINT WARNING * * *
The jelly is lightly wounded.
The jelly hits you but does no damage.
You hit the jelly.
Your hands burn!
* * * LOW HITPOINT WARNING * * *
The jelly is moderately wounded.
The jelly hits you.
* * * LOW HITPOINT WARNING * * *
The acid corrodes you!
You are splashed with acid!
You die...

### #######..
#........
##########.#####..
#..........# #..
#.########## #<.
##@## #.. ##J..#
#.# ##.#.#.# #.#
#####.##.##.# #..
#...........# #..
#.###.##.##.## #..
#.# ##.#.#...##
#.. #.#
##.!.....## #†#
##.....[..#


You could see a jelly.

Vanquished Creatures
  An iguana (D:4)
  3 adders
  2 worms (D:3)
  An orc (D:3)
  2 ball pythons
  5 endoplasms
  4 giant cockroaches
  6 goblins
  6 hobgoblins
  3 jackals (D:3)
  2 quokkas
  4 bats (D:1)
  3 frilled lizards
  8 kobolds
  8 rats
58 creatures vanquished.

Notes
Turn   | Place    | Note
-------+----------+-------------------------------------------
     0 | D:1      | jimonade the Naga Warper began the quest for the Orb.
     0 | D:1      | Reached XP level 1. HP: 19/19 MP: 3/3
    25 | D:1      | Reached skill level 1 in Throwing
   288 | D:1      | Reached XP level 2. HP: 26/26 MP: 5/5
   439 | D:1      | Reached skill level 1 in Armour
   555 | D:1      | Reached XP level 3. HP: 32/32 MP: 6/6
  1279 | D:2      | Reached XP level 4. HP: 40/40 MP: 7/7
  1344 | D:2      | Found a faded altar of an unknown god.
  1699 | D:2      | Learned a level 2 spell: Blink
  1702 | D:2      | Learned a level 2 spell: Lesser Beckoning
  1825 | D:3      | Found a snail-covered altar of Cheibriados.
  1833 | D:3      | Became a worshipper of Cheibriados the Contemplative
  2559 | D:4      | Reached XP level 5. HP: 21/46 MP: 8/8
  2572 | D:4      | Splashed by a jelly's acid

Illustrated notes

Levels and vault maps discovered:
D:1:      dpeg_arrival_arbitrary_a, layout_loops_ring, minmay_tromino_v4_c
D:2:      layout_loops_ring, dreamdust_ecumenical_altar_angels_and_demons,
          minivault_19
D:3:      layout_basic, mainiacjoe_overflow_boulevard, nicolae_eternal_life
D:4:      layout_loops_ring, temple_doors_e, uniq_pikel

Skill      XL: |  1  2  3 |
---------------+----------+-----
Throwing       | 1 |  1.0
Armour         | 1 |  1.8
Dodging        | 2 |  2.2
Fighting       | |  2.6
Long Blades    | |  2.5
Ranged Weapons | |  0.6
Spellcasting   | |  2.0
Translocations | |  3.6

Action                     |  1- 3 |  4- 6 || total
---------------------------+-------+-------++-------
  Melee: Falchion          |   100 |    25 ||   125
         Punch             |     3 |     1 ||     4
         Whip              |       |    28 ||    28
   Fire: Sling             |       |    21 ||    21
  Throw: Boomerang         |     1 |       ||     1
   Cast: Blink             |       |     2 ||     2
Ability: Spit Poison       |    18 |    11 ||    29
 Armour: Leather armour    |    39 |    19 ||    58
  Dodge: Dodged            |    55 |    24 ||    79

Table legend: (Time is in decaauts)
 A = Elapsed time spent in this place.
 B = Non-inter-level travel time spent in this place.
 C = Inter-level travel time spent in this place.
 D = Time resting spent in this place.
 E = Time spent auto-exploring this place.
 F = Levels seen in this place.
 G = Mean time per level.
                   A        B        C        D        E       F      G
               +--------+--------+--------+--------+--------+-----+--------+
         Total |   3628 |   3369 |    259 |     35 |   2540 |   4 |  907.0 |
       Dungeon |   3628 |   3369 |    259 |     35 |   2540 |   4 |  907.0 |
               +--------+--------+--------+--------+--------+-----+--------+

Top non-repeatable levels by time:
     D:3: 1306 daAuts
     D:2: 1105 daAuts
     D:1: 1104 daAuts
     D:4: 112 daAuts
